[Event "ITT 1st Parada Jamundi 2022"]
[Site "Jamundi Valle"]
[Date "2022.12.07"]
[Round "2.4"]
[White "Mirzoev, Azer"]
[Black "Aguero Jimenez, Luis Lazaro"]
[Result "1-0"]
[ECO "D30"]
[WhiteElo "2462"]
[BlackElo "2465"]
[Annotator "TA"]
[PlyCount "115"]
[EventDate "2022.12.05"]
[EventType "swiss"]
[EventCountry "COL"]
[SourceTitle "playchess.com"]
[Source "ChessBase"]
[SourceQuality "1"]
[TimeControl "5400+30"]

1. d4 d5 2. Nf3 Nf6 3. c4 e6 4. e3 a6 5. b3 c5 6. Bb2 {[%emt 0:00:18] D30: Queen's Gambit Declined: Systems without Nc3.} cxd4 {[%emt 0:10:42] 6...cxd4 is better than 6...Nc6.} 7. exd4 Bb4+ (7... Nc6 {simplifies} 8. Nbd2 Be7 9. Be2 O-O) 8. Nbd2 {[%emt 0:00:05] The position is equal.} dxc4 9. bxc4 Ne4 {[%emt 0:00:42] [#]} (9... b5 $11) 10. a3 $146 ({Predecessor:} 10. Bd3 Nxd2 11. Nxd2 Qg5 12. Qe2 Bd7 13. O-O-O Ba4 14. Rde1 Qa5 15. d5 O-O 16. Ne4 exd5 17. Nf6+ Kh8 18. Qh5 Bd2+ 19. Kb1 h6 20. Qf5 {1-0 (20) Thybo,J (2437)-Rasmussen,K (2449) Skorping 2017}) 10... Ba5 11. Bd3 Nxd2 12. Nxd2 Qg5 13. Qe2 (13. Qc2 {keeps more tension.} Nd7 14. Ke2 b5 15. Nf3) 13... Bd7 (13... Qxg2 14. O-O-O $16) 14. h4 Qh6 (14... Qxg2 $2 15. Be4 $18) 15. Qe3 Qxe3+ 16. fxe3 e5 17. O-O-O (17. dxe5 O-O $11) (17. d5 $5 ) 17... Ba4 18. Bc2 Bxc2 19. Kxc2 Bxd2 20. Rxd2 Nd7 21. Kb3 (21. h5 $14) 21... O-O-O (21... h5 $1 $11) 22. Rf2 f6 23. Rh3 exd4 24. exd4 Rhe8 25. a4 Re4 26. h5 Rde8 27. Rff3 Rg4 28. Rhg3 Ree4 29. a5 (29. Bc3 $5 ) 29... h6 30. Bc3 Kd8 31. Rd3 Nf8 32. Kb4 Ne6 33. Rxg4 Rxg4 $11 {[%emt 0:00:01][%mdl 4096] Endgame KRB-KRN} 34. g3 {[%emt 0:00:19] Prevents Nf4.} Rg5 $1 35. d5 Nf8 36. Kc5 {[%emt 0:01:27] [#] And now Kd6 would win.} Kc7 37. Bd2 Nd7+ 38. Kd4 Rxh5 39. Bf4+ Ne5 $2 {[%emt 0:00:58][%mdl 8192] Black is on the road to losing.} (39... Kd8 $11) 40. Re3 $18 {[%emt 0:00:50] White is clearly winning.} Kd7 41. Bxe5 fxe5+ 42. Rxe5 {[%emt 0:00:10] KR-KR} Rh3 43. Re3 h5 (43... Rh5 $142 44. Kc5 Rg5) 44. Kc5 {[%emt 0:00:38] Strongly threatening d6.} h4 {[%emt 0:00:26] [#]} 45. Re4 $1 (45. Rb3 Kc8 $11) 45... Rxg3 46. Rxh4 Rg6 47. Rh8 Rf6 {[%emt 0:00:48] Prevents Rf8.} 48. Rg8 (48. Rb8 $142 Kc7 49. Re8) 48... Rf7 49. Kb6 Kd6 50. Re8 Rf4 51. Rd8+ ({Less strong is} 51. Kxb7 Rxc4 52. Rd8+ (52. Kxa6 Kxd5 53. Rg8 Rg4 $16) 52... Ke5 $16) 51... Ke5 52. Kc5 ({Weaker is} 52. Kxb7 Rxc4 53. d6 (53. Kxa6 Rb4 $16) 53... g5 $16) 52... Rf7 53. Re8+ Kf5 54. d6 Kf6 55. Kb6 g5 56. c5 Rg7 57. c6 bxc6 58. Kxc6 {[%emt 0:03:16] Weighted Error Value: White=0.09 (flawless) /Black=0.27 (precise)} 1-0

[Event "ITT 1st Parada Jamundi 2022"]
[Site "Jamundi Valle"]
[Date "2022.12.07"]
[Round "2.5"]
[White "Delgado Ramirez, Neuris"]
[Black "Campos Gomez, Manuel"]
[Result "1/2-1/2"]
[ECO "B04"]
[WhiteElo "2572"]
[BlackElo "2322"]
[Annotator "TA"]
[PlyCount "211"]
[EventDate "2022.12.05"]
[EventType "swiss"]
[EventCountry "COL"]
[SourceTitle "playchess.com"]
[Source "ChessBase"]
[SourceQuality "1"]
[TimeControl "5400+30"]

1. e4 Nf6 2. e5 Nd5 3. d4 d6 4. Nf3 g6 5. Bc4 Nb6 6. Bb3 Bg7 7. Qe2 O-O 8. h3 c5 9. e6 fxe6 10. dxc5 dxc5 11. Bxe6+ Kh8 12. Ng5 (12. Bxc8 {simplifies} Qxc8 13. O-O Nc6 14. c3) 12... Nc6 $1 13. c3 (13. Nf7+ Rxf7 $1 14. Bxf7 Ne5 $15) 13... Ne5 14. O-O h6 $1 15. Bxc8 (15. Rd1 {with more complications.} Qe8 16. Bxc8 Qxc8 17. Ne4) 15... Qxc8 (15... Rxc8 $2 16. Ne6 Qd3 17. Qxd3 Nxd3 18. Nxf8 Rxf8 19. Nd2 $18) 16. Ne4 Nd5 17. Na3 c4 18. Ng3 (18. Rd1 $5 Qc6 19. Ng3 $11) 18... Nd3 19. Qg4 Qc5 (19... Qxg4 {simplifies} 20. hxg4 Rac8 21. Rb1 a6) 20. Qxc4 Rxf2 $1 21. Qxc5 Rxf1+ 22. Nxf1 Nxc5 23. Bd2 Nd3 24. Rb1 Rb8 25. Nc2 b5 26. Ne1 Ne5 27. Rd1 e6 28. Ne3 b4 (28... Nf6 $11) 29. Nxd5 $14 exd5 30. cxb4 Nc4 $1 31. Bc3 Nxb2 32. Bxg7+ Kxg7 33. Rxd5 Rxb4 34. Rd7+ Kf6 35. Rxa7 h5 36. Ra6+ Kf5 37. Nc2 Re4 38. Rb6 Nd3 39. Rb3 Nc1 40. Rf3+ Kg5 41. a3 $1 Ne2+ 42. Kf2 Nf4 43. Re3 Rc4 44. Nb4 h4 45. Kf3 Kf5 46. Nd3 Ne6 47. Re5+ Kf6 48. Ra5 Rc2 (48... Rc3 $5 49. Ke3 Rc2 $14) 49. Ne5 g5 50. Ng4+ Kg6 51. Ne3 Rb2 52. Ra6 Kf6 53. Ke4 Kf7 54. Ra7+ Kg6 $1 55. a4 Nf4 (55... Rb4+ $11 56. Ke5 Nc5) 56. Ra6+ $1 $16 Kf7 57. Kf5 $1 Nxg2 58. Nc4 Rb3 59. Ra7+ (59. Kxg5 Rxh3 60. Ne5+ Ke7 $11) 59... Ke8 $2 {[%emt 0:01:06] [#]} (59... Kg8 $16) 60. Kxg5 $2 ({White must play} 60. a5 $1 $18) 60... Rxh3 $11 61. Ne5 Rc3 62. Rh7 Kd8 (62... h3 {seems wilder.} 63. a5 Ra3 64. Kf6 Kd8) 63. a5 Ra3 64. Kf6 Kc8 65. Nc4 Ra2 66. Ke5 Kb8 67. Kd6 Rc2 (67... Nf4 $11) 68. Nb6 ({Better is} 68. Ne5 $14 Rd2+ 69. Kc6 Rc2+ 70. Kb5 Rb2+ 71. Kc6 Rc2+ 72. Kb6 Rb2+ 73. Kc5 Rc2+ 74. Kb6 Rb2+ 75. Kc5 Rc2+ 76. Kb5 Rb2+ 77. Kc5) 68... Ne3 $1 $11 69. Nd7+ (69. Rxh4 $2 Nf5+ 70. Kd5 Nxh4 $19) (69. a6 $5 Nc4+ $8 70. Kc6 Nxb6+ 71. Kxb6 Rb2+ 72. Kc6 $11) 69... Ka8 70. a6 (70. Rxh4 $2 Nf5+ 71. Ke5 Nxh4 $19) 70... Nc4+ 71. Kd5 Ne3+ 72. Kd4 Nc4 $1 73. Nc5 Nb6 74. Ne6 (74. Rxh4 $2 Rc4+ 75. Ke5 Rxh4 $19) 74... h3 (74... Rc4+ $11 75. Ke5 Rc6) 75. Nc7+ $1 $14 ({Don't play} 75. Rxh3 Rc4+ 76. Kd3 Ka7 $11) 75... Kb8 76. Nb5 (76. a7+ $1 $14 Kxa7 77. Ne8+ Nd7 78. Rxh3) 76... Rc4+ $11 77. Kd3 Ra4 (77... Rc1 $11) 78. Rb7+ $14 ({Much worse is} 78. Rxh3 Rxa6 79. Rh7 Nd5 $11) 78... Kc8 79. Rxb6 h2 80. Rh6 (80. Rc6+ {is interesting.} Kd7 81. Rd6+ Kc8 82. Rh6) 80... Rxa6 81. Rxh2 Kb7 82. Kc4 Rg6 83. Nd4 Kc7 84. Ra2 Rh6 85. Ra7+ Kb6 86. Rf7 Rd6 87. Rf8 Rh6 88. Kd5 Rh5+ 89. Kd6 Ka5 90. Rb8 Ka4 91. Ne2 Ka3 92. Nf4 Rf5 93. Nd5 Rf1 94. Kc5 Rc1+ {[%emt 0:00:14] [#]} 95. Kd4 $1 Ka4 96. Ne3 Rh1 97. Nd5 Rc1 98. Nc3+ Ka5 99. Rb3 Ka6 100. Kc5 Rh1 101. Ne4 Rc1+ 102. Kd5 Ka5 103. Nc5 Rd1+ 104. Kc4 ({Of course not} 104. Kc6 Rd6+ 105. Kc7 Rc6+ 106. Kd7 Rxc5 $11) ({White should try} 104. Nd3 $16 {Kc6 would kill now.} Rh1 105. Rb8) 104... Rd4+ $1 $11 105. Kc3 Rc4+ $1 106. Kxc4 1/2-1/2

[Event "ITT 1st Parada Jamundi 2022"]
[Site "Jamundi Valle"]
[Date "2022.12.07"]
[Round "2.6"]
[White "Larino Nieto, David"]
[Black "Mateus, Alejandro"]
[Result "1/2-1/2"]
[ECO "A07"]
[WhiteElo "2466"]
[BlackElo "2308"]
[Annotator "TA"]
[PlyCount "98"]
[EventDate "2022.12.05"]
[EventType "swiss"]
[EventCountry "COL"]
[SourceTitle "playchess.com"]
[Source "ChessBase"]
[SourceQuality "1"]
[TimeControl "5400+30"]

1. g3 d5 2. Nf3 Nf6 3. Bg2 c6 4. O-O g6 5. b3 Bg7 6. Bb2 O-O 7. d3 a5 {[%emt 0:05:45] A07: Réti Opening: New York and Capablanca Systems.} 8. a4 Nbd7 9. Nbd2 Nc5 10. Re1 {[%emt 0:03:59] [#]} Qb6 $146 ({Predecessor:} 10... Re8 11. e4 Qb6 12. e5 Nfd7 13. d4 Ne6 14. Rb1 Ndf8 15. Nf1 Nc7 16. Ne3 h6 {1-0 (41) Langeweg,K-Quinteros,M Amsterdam 1973}) 11. e4 dxe4 12. dxe4 (12. Nxe4 Nfxe4 13. Bxg7 Nxf2 $15) 12... Bg4 13. h3 (13. e5 {simplifies} Nd5 14. h3 Bxf3 15. Qxf3 Rfd8 16. Nc4) 13... Ncxe4 14. Nxe4 Nxe4 15. Bd4 Bxf3 16. Bxb6 Bxd1 17. Raxd1 Nc3 18. Rd7 e6 19. Rxb7 Nd5 20. Bxd5 (20. Ba7 $16) 20... cxd5 $11 21. c4 dxc4 (21... Rab8 $11 22. Rxb8 Rxb8 23. Bxa5 Ra8) 22. bxc4 $14 Rfc8 23. Bc7 {[%emt 0:00:56] White has more active pieces.} Bd4 24. Rd1 e5 25. Rdb1 Ra6 26. R1b5 Rf6 27. Rd5 (27. Rxa5 Rxf2 28. Rab5 Rc2+ 29. Kf1 Rxc4 30. Bxe5 Bxe5 31. Rxe5 Rxa4 $17) (27. Rb8 $11 {keeps the balance.} Rxb8 28. Rxb8+ Kg7 29. Rb5) 27... Bxf2+ $17 (27... Rxf2 $2 {[#]} 28. Rxd4 $1 (28. Bxa5 $2 {too greedy.} Ra2+ 29. Rxd4 exd4 $19) 28... Rc2 29. Bxe5 $18) 28. Kg2 Bd4 29. h4 (29. Bxe5 $2 Rf2+ 30. Kg1 (30. Kh1 $2 Bxe5 31. Rxe5 Rxc4 $19) 30... Rb2+ 31. Bxd4 Rxb7 32. Rxa5 Rb4 $19) 29... h5 30. Rxa5 (30. Bxe5 $2 {loses.} Rf2+ 31. Kg1 Rb2+ 32. Bxd4 Rxb7 33. Rxa5 Rb4 $19) 30... Rc6 (30... Rf2+ $17 31. Kh3 Re2) 31. Bxe5 $11 Rxc4 32. Bxd4 (32. Rb8 $1 $11 Rc2+ 33. Kf3 Rxb8 34. Bxb8) 32... Rxd4 {[%emt 0:00:01][%mdl 4096] Endgame KRR-KRR} 33. Raa7 Rc2+ ({Black should play} 33... Rd2+ $1 $15 34. Kf3 Rc3+ 35. Ke4 Rf2 36. Ra8+ Kg7) 34. Kf3 $1 {[%emt 0:00:12] The position is equal.} Rc3+ 35. Ke2 $1 Rxg3 {[%emt 0:00:30] [#] aiming for ...Rf4.} 36. Rxf7 Rxa4 37. Rg7+ Kf8 38. Raf7+ Ke8 39. Re7+ Kf8 40. Ref7+ Ke8 41. Rb7 Ra2+ (41... Rxh4 $2 42. Rg8#) 42. Kf1 Kf8 43. Rgf7+ Kg8 44. Rfe7 Rf3+ 45. Ke1 Raf2 46. Rg7+ Kf8 47. Rxg6 Rf1+ 48. Ke2 R1f2+ 49. Ke1 Rf1+ {[%emt 0:00:08] Weighted Error Value: White=0.13 (very precise) /Black=0.10 (very precise)} 1/2-1/2

[Event "ITT 1st Parada Jamundi 2022"]
[Site "Jamundi Valle"]
[Date "2022.12.07"]
[Round "2.7"]
[White "Herrera, Juan Sebastian"]
[Black "Valdes Martinez, Miguel A."]
[Result "1-0"]
[ECO "A83"]
[WhiteElo "2297"]
[BlackElo "2104"]
[Annotator "TA"]
[PlyCount "89"]
[EventDate "2022.12.05"]
[EventType "swiss"]
[EventCountry "COL"]
[SourceTitle "playchess.com"]
[Source "ChessBase"]
[SourceQuality "1"]
[TimeControl "5400+30"]

1. d4 f5 2. Nc3 Nf6 3. Bg5 e6 4. e4 fxe4 5. Nxe4 Be7 6. Bxf6 Bxf6 7. Qh5+ g6 8. Qh6 Qe7 {[%emt 0:03:32] The main line 8...Qe7 scores better than 8...d5.} 9. Nxf6+ {[%emt 0:00:10] A83: Dutch Defence: Staunton Gambit with 3 Nc3 Nf6 4 Bg5.} Qxf6 10. O-O-O Nc6 $1 11. Nf3 {[%emt 0:00:05] White is slightly better.} d6 12. h4 Bd7 {[%emt 0:00:41] [#]} 13. Bd3 $146 ({Predecessor:} 13. Qg5 Qxg5+ 14. hxg5 O-O 15. Bc4 Rae8 16. Rh4 Re7 17. Rdh1 Na5 18. Bd3 Bc6 19. Ne1 {1-0 (50) Munkhgal,G (2501)-Harsha,B (2509) Chess.com INT 2020}) 13... O-O-O 14. Qg5 Rhf8 15. Rd2 Nb4 16. Bc4 Nd5 (16... Rde8 {simplifies} 17. h5 Bc6 18. hxg6 hxg6 19. Qxf6 Rxf6 20. Ne1 Nd5) 17. h5 Nf4 (17... Qxg5 {simplifies} 18. Nxg5 gxh5 19. Nxh7 Rf7) 18. hxg6 hxg6 19. g3 Bc6 20. Qg4 (20. Qxf4 {simplifies} Bxf3 21. Rh6 Qxf4 22. Bxe6+ Kb8 23. gxf4 Rxf4 24. Rxg6 d5 25. Rg3) 20... b5 21. d5 Bd7 (21... bxc4 $11 22. dxc6 c3) 22. Bxb5 $1 $14 Bxb5 23. Nd4 {[%emt 0:00:01] Against Ne2+} (23. gxf4 $14 Bd7 24. dxe6 Qxe6 25. Qxe6 Bxe6 26. Rd4) 23... Bd7 {[%emt 0:00:51] Hoping for ...e5.} 24. gxf4 exd5 25. Qe2 {[%emt 0:00:12] White wants to mate with Qa6+.} (25. Qg2 {simplifies} Qf7 26. f5 gxf5 27. Qf1) 25... Kb7 {[%emt 0:01:51][%cal Oc7c6] Prevents Qa6+.} (25... Qxf4 $2 26. Qa6+ Kb8 27. Rh3 $3 $18 ) 26. Qf3 (26. Qe3 $5 Ka8 27. Qf3 $11) 26... c6 27. Rh7 Rf7 (27... Rh8 $15 28. Qb3+ Ka8 29. Rxh8 Rxh8) 28. Qb3+ $11 Ka8 $2 {[%emt 0:00:38][%mdl 8192] [#] Black cannot hold the game after this.} (28... Kc7 $11 29. Rxf7 Qxf7) 29. Nb5 $1 $18 ({And not} 29. Rxf7 Qxf7 30. Qf3 Re8 $15) 29... Be6 $2 (29... Bc8 30. Nc7+ Rxc7 31. Rxc7 Qxf4) 30. Nc7+ Rxc7 31. Rxc7 Rb8 {[%emt 0:00:03] Prevents Qb7+.} 32. Qa3 Rb7 33. Rxb7 (33. Qxd6 Qxb2+ 34. Kd1 Bg4+ 35. f3 Bxf3+ 36. Ke1 Qc1+ 37. Kf2 Qxd2+ $11) 33... Kxb7 34. Qxd6 {[%emt 0:00:07][%mdl 4096] Endgame Threatens to win with Re2. KQR-KQB} Qf5 35. Rd3 (35. Re2 $142 g5 36. Rxe6 Qxf4+ 37. Qxf4 gxf4 38. Rf6) 35... d4 36. Rxd4 {[%emt 0:01:04] Threatening mate with Rb4+.} a5 {[%emt 0:00:19] Prevents Rb4+.} 37. b3 {[%emt 0:02:20] Qe7+ is the strong threat.} Bd5 38. Qc5 Qf6 39. c4 Be4 40. Qe5 {[%emt 0:00:18] White mates.} Qxe5 41. fxe5 Bf5 42. c5 Ka6 43. a4 Kb7 44. Rd6 Kc7 45. e6 {[%emt 0:00:05] Weighted Error Value: White=0.11 (very precise) /Black=0.53} 1-0

[Event "ITT 1st Parada Jamundi 2022"]
[Site "Jamundi Valle"]
[Date "2022.12.07"]
[Round "2.8"]
[White "Lopez Rayo, Santiago"]
[Black "Mora Munoz, Alejandro"]
[Result "1/2-1/2"]
[ECO "B96"]
[WhiteElo "2300"]
[BlackElo "1959"]
[Annotator "TA"]
[PlyCount "93"]
[EventDate "2022.12.05"]
[EventType "swiss"]
[EventCountry "COL"]
[SourceTitle "playchess.com"]
[Source "ChessBase"]
[SourceQuality "1"]
[TimeControl "5400+30"]

1. e4 c5 2. Nf3 d6 3. d4 cxd4 4. Nxd4 Nf6 5. Nc3 a6 6. Bg5 e6 7. f4 h6 8. Bh4 Qb6 9. a3 Nc6 {[%emt 0:00:08] B96: Sicilian Najdorf: 6 Bg5 e6 7 f4, lines other than 7...Qb6 and 7...Be7.} (9... Qxb2 $2 10. Na4 $18) 10. Bf2 Qc7 (10... Qxb2 $2 11. Na4 $18) 11. Qf3 e5 12. Nf5 ({White should try} 12. Nde2 $14) 12... Bxf5 $11 13. exf5 O-O-O {[%emt 0:03:34][%cal Oe5e4] next ...e4! is good for Black.} 14. O-O-O {[%emt 0:01:43] Hoping for Bc4.} d5 {[%emt 0:03:30] [#] Prevents Bc4. Threatens to win with ...e4.} 15. Rxd5 $146 ({Don't play} 15. Nxd5 Rxd5 16. Rxd5 e4 $15) (15. fxe5 {keeps more tension.} Nxe5 16. Qg3 Bd6 17. Nxd5 Nxd5 18. Rxd5 Nc4 19. Qxg7 Nxa3 20. Bd3) ({Predecessor:} 15. fxe5 Nxe5 16. Qg3 Bd6 17. Nxd5 Nxd5 18. Rxd5 Ng4 19. Rxd6 Qxd6 20. Qxg4 Qd2+ 21. Kb1 Qxf2 {0-1 (45) Pasti,A (2332)-Bronstein,O (2463) Miercurea Ciuc 2022}) 15... Rxd5 16. Nxd5 {[%emt 0:00:07] [#]} e4 $1 17. Nxc7 exf3 18. Na8 $1 Ng4 {[%emt 0:00:00] Pair of Knights!} 19. Bb6 (19. Nb6+ $2 Kc7 20. Nd5+ Kd6 $19) 19... Bd6 20. gxf3 Bxf4+ 21. Kb1 Nxh2 22. Bd3 (22. Bg2 $15) 22... Kb8 23. Nc7 Bxc7 24. Bxc7+ {[%emt 0:00:05][%mdl 64] [#] Remove Defender} Kxc7 25. Rxh2 $17 {[%emt 0:00:03][%mdl 4096] Endgame KRB-KRN} Ne5 26. Be4 b6 (26... Nc4 $15 {should be considered.}) 27. Rg2 $11 Rh7 28. c4 h5 29. f4 Ng4 30. Rg3 Nf6 31. Bf3 h4 32. Rh3 Ne8 33. Be2 Nd6 34. Bd3 f6 35. b4 {[%emt 0:00:29] The position is equal.} Rh5 36. Kc2 Nxf5 37. Bxf5 {[%emt 0:00:09][%mdl 64] Remove Defender} Rxf5 38. Rxh4 {[%emt 0:00:01] KR-KR} g5 39. fxg5 fxg5 40. Rh7+ Kd6 41. Rh6+ Kc7 42. Rg6 Rf3 43. Kb2 Rf2+ 44. Kb3 Rf3+ 45. Kb2 Rf2+ 46. Kc3 Rf3+ 47. Kb2 {[%emt 0:00:21] Weighted Error Value: White=0.09 (flawless) /Black=0.05 (flawless)} 1/2-1/2

[Event "ITT 1st Parada Jamundi 2022"]
[Site "Jamundi Valle"]
[Date "2022.12.07"]
[Round "2.9"]
[White "Argote Heredia, Valentina"]
[Black "Avila Pavas, Santiago"]
[Result "0-1"]
[ECO "B76"]
[WhiteElo "2140"]
[BlackElo "2461"]
[Annotator "TA"]
[PlyCount "52"]
[EventDate "2022.12.05"]
[EventType "swiss"]
[EventCountry "COL"]
[SourceTitle "playchess.com"]
[Source "ChessBase"]
[SourceQuality "1"]
[TimeControl "5400+30"]

1. e4 c5 2. Nf3 d6 3. d4 cxd4 4. Nxd4 Nf6 5. Nc3 g6 6. Be3 Bg7 7. f3 Nc6 8. Qd2 O-O 9. O-O-O Bd7 10. g4 Rc8 11. Kb1 Ne5 12. h4 h5 13. g5 {[%emt 0:03:19] B76: Sicilian Dragon: Yugoslav Attack, 9 g4 and 9 0-0-0.} (13. gxh5 {keeps more tension.} Nxh5 14. Be2 Nc4 15. Bxc4 Rxc4 16. Nde2) 13... Ne8 14. Be2 (14. f4 {looks sharper.} Ng4 15. f5 e5 16. Nde2) 14... Nc7 {[%emt 0:03:12][%cal Ob7b5] [#]} 15. Nb3 $146 (15. f4 $16) ({Predecessor:} 15. f4 Ng4 16. Bxg4 Bxg4 17. Rdg1 e5 18. Nb3 Re8 19. Rxg4 hxg4 20. f5 d5 21. exd5 gxf5 22. Bxa7 {0-1 (35) Rego,P (2273)-Dimitrov,A (2269) Chess.com INT 2022}) 15... b5 $1 $11 16. Bd4 (16. a3 $11 {keeps the balance.}) 16... b4 $17 17. Nd5 (17. Bxe5 $142 Bxe5 18. Nd5 Nxd5 19. Qxd5) 17... Nxd5 18. exd5 Bf5 19. Rc1 (19. Na1 $17 {is a better defense.}) 19... a5 $19 20. Qe3 a4 {[%emt 0:04:52] Against f4} 21. Nd2 Qa5 22. f4 $2 {[%emt 0:02:45] [#]} (22. Bxe5 {only move.} Bxe5 23. Nc4 Qxd5 24. Rhd1) 22... Qxd5 $1 23. fxe5 dxe5 {[%emt 0:00:00] Dancing on a razor blade.} 24. Bd3 exd4 25. Qxe7 (25. Qf3 Qxf3 26. Nxf3) 25... Be6 {[%emt 0:00:00][%csl Ge6][%cal Rd5a2] This pair of bishops is nice.} 26. b3 axb3 {[%emt 0:00:00] Weighted Error Value: White=0.90/Black=0.08 (flawless)} 0-1

[Event "ITT 1st Parada Jamundi 2022"]
[Site "Jamundi Valle"]
[Date "2022.12.07"]
[Round "2.10"]
[White "Malka, Samuel"]
[Black "Londono Lopez, Donaldo"]
[Result "1-0"]
[ECO "D85"]
[WhiteElo "2265"]
[BlackElo "2055"]
[Annotator "TA"]
[PlyCount "69"]
[EventDate "2022.12.05"]
[EventType "swiss"]
[EventCountry "COL"]
[SourceTitle "playchess.com"]
[Source "ChessBase"]
[SourceQuality "1"]
[TimeControl "5400+30"]

1. d4 Nf6 2. c4 g6 3. Nc3 d5 4. cxd5 Nxd5 5. e4 Nxc3 6. bxc3 Bg7 7. Nf3 c5 8. Bb5+ Nc6 {[%emt 0:00:34][%cal Rc5d4] The main line 8...Nc6 scores better than 8...Bd7.} 9. d5 {[%emt 0:00:22] D85: Exchange Grünfeld: Unusual White 7th moves and lines with 7 Nf3.} (9. dxc5 Bxc3+ 10. Bd2 Bxa1 11. Qxa1 f6 $17) 9... a6 10. Be2 {[%emt 0:00:30] [#]} Na5 $146 (10... Bxc3+ {feels hotter.} 11. Bd2 Bxa1 12. Qxa1 Nd4) ({Predecessor:} 10... Bxc3+ 11. Bd2 Bxa1 12. Qxa1 Nd4 13. Nxd4 cxd4 14. Qxd4 f6 15. O-O O-O 16. Bh6 e5 {0-1 (41) Ivanisevic,I (2601)-Abdusattorov,N (2651) Belgrade 2022}) 11. Bd2 {[%emt 0:12:09][%cal Oc3c4] White is slightly better.} c4 12. O-O O-O 13. Be3 (13. Bf4 $14) 13... Bxc3 14. Rc1 Bg7 (14... Bb2 {looks sharper.} 15. Rb1 c3 16. Qd4 Bg4) 15. Bxc4 Nxc4 16. Rxc4 Bd7 17. Re1 b5 18. Rc1 Qa5 19. Qb3 Rfc8 20. Bc5 Bh6 21. Bb4 Qd8 22. Rxc8 Bxc8 (22... Rxc8 $14 23. Qa3 Bf8) 23. Ne5 $1 $36 {[%emt 0:07:26][%mdl 2048] Nc6 is the strong threat. Keeping Black busy.} Bd7 ({Black should play} 23... Bb7) 24. d6 {[%emt 0:05:16][%cal Bd5d6,Bd6e7][%mdl 32] White is much more active.} Be6 25. dxe7 Qc7 (25... Qe8 $142 26. Qd3 Bg5) 26. Qg3 $18 Bg7 {[%emt 0:13:29] [#]} 27. Nf3 ({Only move:} 27. Nxf7 $1 $18 Qxg3 28. Nd8) 27... Qxg3 (27... Qd7 $16) 28. hxg3 {[%emt 0:00:04] aiming for e5.} Re8 {[%emt 0:01:51][%cal Og7f6] [#]} 29. e5 {[%emt 0:01:39] Inhibits Bf6. Black must now prevent Rd1.} a5 30. Bc5 ({Not} 30. Bxa5 Rxe7 31. a3 Rd7 $11) 30... b4 $2 {[%emt 0:00:48] [#]} (30... Bxa2 31. Rd1 (31. Ra1 Bc4 $16) 31... f6) 31. Rd1 $1 {[%emt 0:00:28] White threatens Rd8 and mate.} Bc4 (31... Bxa2 {leads to mate.} 32. Rd8 h6 33. Rxe8+ Kh7 34. Rd8 g5 35. e8=Q Kg6 36. g4) 32. Rd8 {[%emt 0:00:33] Prevents f6.} Bb5 33. Nd4 Ba4 34. f4 {[%emt 0:00:19] Strongly threatening Nb3.} g5 $2 (34... f6 35. Ne6 Kf7) 35. Nf5 {[%emt 0:07:25] Weighted Error Value: White=0.15 (very precise) /Black=0.39} 1-0

[Event "ITT 1st Parada Jamundi 2022"]
[Site "Jamundi Valle"]
[Date "2022.12.07"]
[Round "2.11"]
[White "Pazos Gambarrotti, Plinio"]
[Black "Zuluaga Mancilla, Cesar"]
[Result "0-1"]
[ECO "A12"]
[WhiteElo "2083"]
[BlackElo "2230"]
[Annotator "TA"]
[PlyCount "66"]
[EventDate "2022.12.05"]
[EventType "swiss"]
[EventCountry "COL"]
[SourceTitle "playchess.com"]
[Source "ChessBase"]
[SourceQuality "1"]
[TimeControl "5400+30"]

1. Nf3 d5 2. g3 c6 3. Bg2 Nf6 4. b3 Bf5 5. Bb2 Nbd7 6. O-O h6 7. d3 e6 8. Nbd2 Bh7 9. Re1 Bc5 10. d4 Be7 11. c4 O-O 12. h3 {[%emt 0:03:56] A12: English Opening: 1...c6 with b3 by White.} a5 {[%emt 0:01:46][%cal Ba7a5,Ba5a4][%mdl 32] [#]} 13. Nh2 $146 ({Better is} 13. a3 $11) ({Predecessor:} 13. e3 Ne4 14. Rc1 c5 15. cxd5 exd5 16. Ne5 Nxe5 17. dxe5 b6 18. Rf1 f6 19. Nf3 fxe5 20. Nxe5 {0-1 (40) Al Mughaizwi,M-Noshin,A (2004) Tornelo INT 2021}) 13... a4 $15 14. e4 (14. c5 $15) 14... Bb4 $17 15. Re3 Bxd2 16. Qxd2 Nxe4 17. Qc1 axb3 18. axb3 Qb6 19. Nf3 Rfc8 (19... Rfb8 $17 20. c5 Rxa1 21. Qxa1 Qa6 22. Qxa6 bxa6) 20. Nd2 (20. c5 $1 $15 Qd8 21. b4) 20... Rxa1 {[%emt 0:00:42] Black is much more active.} 21. Bxa1 Nxd2 22. Qxd2 Ra8 23. Bb2 Nf6 24. Bf1 ({White should try} 24. c5 Qa7 25. b4) 24... Ra2 25. c5 Qd8 26. Re2 Qa8 27. Qb4 $2 {[%emt 0:00:00][%mdl 8192] This costs White the game.} (27. f3 $17) 27... Bd3 $19 28. Rd2 Bxf1 29. Kxf1 Ne4 {[%emt 0:00:00] [#] And now ...Rxb2 would win.} 30. Bc3 Qa6+ 31. Kg2 Nxd2 32. Bxd2 Qe2 33. Be1 Ra1 {[%emt 0:04:30] Weighted Error Value: White=0.88/Black=0.21 (precise)} 0-1